 Dungeon Crawl Stone Soup version 0.25-a0-478-g33c61bdccf (webtiles) character file.

Game seed: 3601716986394074590, levelgen mode: deterministic

133 kae the Insei (level 4, -2/35 HPs)
             Began as a Draconian Transmuter on Feb 8, 2020.
             Slain by Grinder (6 damage)
             ... on level 3 of the Dungeon.
             The game lasted 00:02:16 (3029 turns).

kae the Insei (Draconian Transmuter)                Turns: 3029, Time: 00:02:16

Health: -2/35      AC:  6    Str: 12    XL:     4   Next: 94%
Magic:  8/8        EV: 12    Int: 18    God:
Gold:   114        SH:  0    Dex: 13    Spells: 2/8 levels left

rFire    . . .     SeeInvis .     - Unarmed
rCold    . . .     Gourm    .   (no shield)
rNeg     . . .     Faith    .   (armour unavailable)
rPois    .         Spirit   .   (helmet restricted)
rElec    .         Reflect  .   g - +0 cloak
rCorr    .         Harm     .   (no gloves)
MR       .....                  (no boots)
Stlth    +.........             (no amulet)
HPRegen  0.11/turn              (no ring)
MPRegen  0.11/turn              (no ring)

@: brilliant
A: unfitting armour, cold-blooded, AC +5
a: no special abilities


You were on level 3 of the Dungeon.
You were not hungry.

You visited 1 branch of the dungeon, and saw 3 of its levels.

You collected 114 gold pieces.

Inventory:

Missiles
 a - 40 arrows
Armour
 g - a +0 cloak (worn)
Jewellery
 b - a cursed -4 ring of intelligence {unknown}
 e - a cursed -4 ring of evasion {unknown}
Scrolls
 d - a scroll of fear
 f - 3 scrolls of teleportation
Comestibles
 c - a ration
 i - a chunk of flesh


   Skills:
 - Level 1.1 Fighting
 - Level 1.7 Dodging
 * Level 4.5 Unarmed Combat
 + Level 2.9 Spellcasting
 + Level 3.0 Transmutations


You had 2 spell levels left.
You knew the following spells:

 Your Spells              Type           Power        Failure   Level  Hunger
a - Beastly Appendage     Tmut           ###...       1%          1    None
b - Sticks to Snakes      Tmut           ###.....     1%          2    ##.....
c - Spider Form           Tmut/Pois      ###.......   3%          3    ###....

Your spell library contained the following spells:

 Spells                   Type           Power        Failure   Level  Hunger
 Ice Form                 Ice/Tmut       ###.....     10%         4    ####...
 Blade Hands              Tmut           ###.......   14%         5    ######.


Dungeon Overview and Level Annotations

Branches:
Dungeon (3/15)

Altars:
Ashenzari

Annotations:
D:3 Grinder


Innate Abilities, Weirdness & Mutations

Your plain brown scales are hard. (AC +5)
You cannot fit into any form of body armour.
You are cold-blooded and may be slowed by cold attacks.


Message History

You closely miss Grinder.
Grinder is moderately wounded.
Grinder hits you!
You writhe in agony.
You are too injured to fight recklessly!
You are too injured to fight recklessly!
You are too injured to fight recklessly!
You are too injured to fight recklessly!
You barely miss Grinder.
Grinder is moderately wounded.
Grinder hits you.
You hit Grinder but do no damage.
Grinder is moderately wounded.
Grinder hits you but does no damage.
It was a potion of brilliance.
You feel clever all of a sudden. Grinder misses you.
It was a potion of magic.
Magic courses through your body. Grinder hits you!
* * * LOW HITPOINT WARNING * * *
You writhe in agony.
You die...

*,*#.# * *,*#.# *
*,*#.###############
*
*,*#..........^....#
*
*,*###############.#
* *,,,,,,,,* #.# *
********,* #.# *
#.#########.# *
#.....5@†...# *
###########.# * #.#
* ###


You could see Grinder.

Vanquished Creatures
  A scorpion (D:2)
  Jessica (D:2)
  An adder (D:2)
  5 worms
  2 dart slugs (D:1)
  6 bats
  A giant cockroach (D:1)
  4 goblins
  3 hobgoblins
  2 kobolds
  2 quokkas
  A ball python (D:1)
  4 frilled lizards
  2 rats (D:1)
35 creatures vanquished.

Notes
Turn   | Place    | Note
-------+----------+-------------------------------------------
     0 | D:1      | kae the Draconian Transmuter began the quest for the Orb.
     0 | D:1      | Reached XP level 1. HP: 16/16 MP: 3/3
   407 | D:1      | Reached XP level 2. HP: 4/23 MP: 3/5
   901 | D:1      | Found a shattered altar of Ashenzari.
  1421 | D:2      | Learned a level 2 spell: Sticks to Snakes
  1448 | D:2      | Reached XP level 3. HP: 22/28 MP: 4/6
  1454 | D:2      | Learned a level 3 spell: Spider Form
  1925 | D:2      | Noticed a scorpion
  1936 | D:2      | Killed a scorpion
  1936 | D:2      | Reached skill level 4 in Unarmed Combat
  1936 | D:2      | Reached XP level 4. HP: 35/35 MP: 3/8
  2017 | D:2      | Noticed Jessica
  2026 | D:2      | Killed Jessica
  2309 | D:2      | Noticed an ice beast
  3006 | D:3      | Noticed Grinder
  3029 | D:3      | Slain by Grinder

Levels and vault maps discovered:
D:1:      nagdon_arrival_double_spiral, layout_loops_corners, ashenzari_altar_1
D:2:      layout_basic, first_ration, uniq_jessica
D:3:      layout_basic, minmay_distorted, uniq_natasha, uniq_grinder

Skill      XL: |  1  2  3  4 |
---------------+-------------+-----
Unarmed Combat | 4 |  4.5
Transmutations | 3 |  3.0
Fighting       | |  1.1
Dodging        | |  1.7
Spellcasting   | |  2.9

Action                   |  1- 3 |  4- 6 || total
-------------------------+-------+-------++-------
Melee: Unarmed           |   113 |    31 ||   144
       Tailslap          |     8 |     2 ||    10
       Punch             |     2 |       ||     2
       Kick              |     6 |       ||     6
 Cast: Beastly Appendage |    19 |     1 ||    20
       Spider Form       |     2 |     3 ||     5
       Sticks to Snakes  |       |     2 ||     2
  Use: Scroll            |     4 |     1 ||     5
       Potion            |       |     2 ||     2
 Stab: Sleeping          |     1 |     1 ||     2
  Eat: Chunk             |     4 |     1 ||     5
       Ration            |       |     1 ||     1
Armor: Skin              |    31 |     3 ||    34
Dodge: Dodged            |    76 |    17 ||    93

Table legend:
 A = Non-vault XP
 B = Vault XP
 C = Vault XP percentage of total XP
 D = Non-vault monster count
 E = Vault monster count
 F = Vault count percentage of total count
                 A         B        C        D         E       F
            +---------+---------+-------+---------+---------+-------
      Total |     154 |      37 |  19.4 |      34 |       1 |   2.9
            +---------+---------+-------+---------+---------+-------
        D:1 |      31 |       0 |   0.0 |      17 |       0 |   0.0
        D:2 |     115 |      37 |  24.3 |      14 |       1 |   6.7
        D:3 |       8 |       0 |   0.0 |       3 |       0 |   0.0
            +---------+---------+-------+---------+---------+-------
